 Dungeon Crawl Stone Soup version bcrawl-1.19.1 (webtiles) character file.

Game seed: 17677946859071127628

2251 Raine357 the Stinger (level 9, 0/69 HPs)
             Began as an Oni Venom Mage on Dec 24, 2019.
             Was a Believer of Lugonu.
             Slain by an orc warrior
             ... wielding a +0 mace
              (22 damage)
             ... on level 6 of the Dungeon.
             The game lasted 00:26:51 (7848 turns).

Raine357 the Stinger (Oni Venom Mage)               Turns: 7848, Time: 00:26:51

Health: 0/69       AC:  4    Str: 12    XL:     9   Next: 37%
Magic:  12/29      EV: 12    Int: 18    God:    Lugonu [**....]
Gold:   330        SH:  0    Dex: 13    Spells: 10/20 levels left

rFire    . . .     SeeInvis .   a - +1 flail
rCold    . . .     Gourm    .   (no shield)
rNeg     . . .     Faith    .   K - +0 leather armour
rPois    .         Spirit   .   (helmet restricted)
rElec    .         Reflect  .   (no cloak)
rCorr    .         Harm     .   (no gloves)
MR       .....                  e - +0 pair of boots
Stlth    ++........             (no amulet)
HPRegen  0.21/turn              o - ring of flight
MPRegen  0.21/turn              u - ring of magical power

@: no status effects
A: oni magic, claws 1, fangs 1, horns 1
a: Depart the Abyss, Bend Space, Banish, Renounce Religion, Evoke Flight


You were on level 6 of the Dungeon.
You worshipped Lugonu.
Lugonu was pleased with you.
You were not hungry.

You visited 2 branches of the dungeon, and saw 7 of its levels.

You collected 330 gold pieces.

Inventory:

Hand Weapons
 a - a +1 flail (weapon)
   (You took it off an orc on level 4 of the Dungeon)
 b - a +0 whip
   (You took it off a kobold on level 2 of the Dungeon)
 q - a +2 vampiric dagger
   (You took it off a goblin on level 1 of the Dungeon)
Missiles
 h - 341 bolts
 l - 430 sling bullets
 p - 262 arrows
 t - 61 tomahawks
 x - 437 stones (quivered)
 C - 40 poisoned needles
Armour
 e - a +0 pair of boots (worn)
   (You found it on level 2 of the Dungeon)
 K - a +0 leather armour (worn)
   (You took it off an orc on level 5 of the Dungeon)
Jewellery
 o - a ring of flight (left claw)
   (You found it on level 1 of the Dungeon)
 u - a ring of magical power (right claw)
   (You took it off an orc on level 5 of the Dungeon)
Wands
 v - a wand of enslavement (3)
   (You found it on level 3 of the Dungeon)
 w - a wand of digging (10)
   (You found it on level 6 of the Dungeon)
 I - a wand of scattershot (3)
   (You found it on level 5 of the Dungeon)
Scrolls
 g - 2 scrolls of teleportation
 k - a scroll of noise {unknown}
 m - a scroll of enchant armour {unknown}
 s - 2 scrolls of enchant weapon
 y - a scroll of fear {unknown}
 z - a scroll of remove curse
 D - a scroll of blinking {unknown}
 M - a scroll of fog {unknown}
Potions
 c - a potion of berserk rage
 d - 2 potions of degeneration
 i - 2 potions of invisibility {unknown}
 j - a potion of magic
 n - 3 potions of heal wounds
 r - 3 potions of curing {unknown}
 A - a potion of cancellation
 B - a potion of might
 E - a potion of resistance
 F - a potion of lignification {unknown}
 G - a potion of haste {unknown}
 H - a potion of ambrosia {unknown}
 J - a potion of flight {unknown}
Comestibles
 f - 10 rations {!d}


   Skills:
 + Level 3.0 Fighting
 - Level 6.1 Maces & Flails
 - Level 1.7 Dodging
 - Level 1.7 Stealth
 + Level 6.3 Spellcasting
   Level 6.3 Conjurations
   Level 6.3 Hexes
   Level 6.3 Charms
   Level 6.3 Summonings
   Level 6.3 Necromancy
   Level 6.3 Translocations
   Level 6.3 Transmutations
   Level 6.3 Fire Magic
   Level 6.3 Ice Magic
   Level 6.3 Air Magic
   Level 6.3 Earth Magic
   Level 6.3 Poison Magic
 + Level 5.9 Invocations


You had 10 spell levels left.
You knew the following spells:

 Your Spells              Type           Power        Failure   Level  Hunger
a - Sting                 Conj/Pois      ####         1%          1    None
d - Dazzling Spray        Conj/Hex       ####..       3%          3    ##.....
u - Summon Ice Beast      Ice/Summ       ####....     11%         4    ####...
v - Poisonous Vapours     Pois/Air       ####..       1%          2    None

Your spell library contained the following spells:

 Spells                   Type           Power        Failure   Level  Hunger
 Pain                     Necr           ####..       1%          1    None
 Corpse Rot               Necr           N/A          1%          2    None
 Ignite Poison            Fire/Tmut/Pois ####....     3%          3    ##.....
 Olgreb's Toxic Radiance  Pois           ####....     8%          4    ####...
 Summon Scorpions         Summ/Pois      ####....     11%         4    ####...
 Venom Bolt               Conj/Pois      ####......   30%         5    #####..


Dungeon Overview and Level Annotations

Branches:
Dungeon (6/12)             Temple (1/1) D:5

Altars:
Ashenzari
Elyvilon
Fedhas
Gozag
Hepliaklqana
Kikubaaqudgha
Lugonu
Makhleb
Nemelex Xobeh
Okawaru
Qazlal
Ru
Sif Muna
Trog
Uskayaw
Vehumet
Xom
Yredelemnul
Zin

Annotations:
D:5 exclusion: statue


Innate Abilities, Weirdness & Mutations

You learn spells by gaining experience, not through books or religion.
You only train spellcasting to practice magic.
You have sharp fingernails.
You have very sharp teeth.
You have a pair of small horns on your head.


Message History

Your ice beast hits the bullfrog zombie.
Your ice beast freezes the bullfrog zombie.
The bullfrog zombie resists.
Your ice beast closely misses the bullfrog zombie.
Casting: Summon Ice Beast (safe; 13% risk of failure)
Confirm with . or Enter, or press ? or * to list all spells.
Aiming: Poisonous Vapours (safe; 1% risk of failure)
Press: ? - help, Dir - move target cursor, f - worker ant
Aim: a worker ant (almost dead) Poisonous vapours appear!
The bullfrog zombie hits you!
The worker ant is engulfed in poison gas.
The worker ant is poisoned.
Your ice beast hits the bullfrog zombie.
Your ice beast freezes the bullfrog zombie.
The bullfrog zombie resists.
Your ice beast barely misses the bullfrog zombie.
You take 8 damage.
You sock the bullfrog zombie!
The bullfrog zombie is heavily damaged.
The bullfrog zombie hits you. x2
Your ice beast hits the bullfrog zombie.
Your ice beast freezes the bullfrog zombie.
The bullfrog zombie resists.
Your ice beast hits the bullfrog zombie.
Your ice beast freezes the bullfrog zombie.
The bullfrog zombie resists.
You take 8 damage.
You barely miss the bullfrog zombie. You headbutt the bullfrog zombie.
You destroy the bullfrog zombie!
Lugonu accepts your kill.
You are feeling hungry.
You kill the worker ant!
Lugonu accepts your kill.
You swap places.
Dowan mumbles some strange words.
Dowan blinks!
Things that are here:
a +1 rapier of speed; a +0 leather armour; a wand of digging (10)
Casting: Poisonous Vapours (safe; 1% risk of failure)
Confirm with . or Enter, or press ? or * to list all spells.
Aiming: Poisonous Vapours (safe; 1% risk of failure)
Press: ? - help, Dir - move target cursor, f - Dowan
Aim: Dowan, wielding a +0 dagger and wearing a +0 robe (fast) Poisonous vapours appear!
Dowan is engulfed in poison gas.
Dowan is poisoned.
Casting: Poisonous Vapours (safe; 1% risk of failure)
Confirm with . or Enter, or press ? or * to list all spells.
Aiming: Poisonous Vapours (safe; 1% risk of failure)
Press: ? - help, Dir - move target cursor, f/p - Dowan
Aim: Dowan, wielding a +0 dagger and wearing a +0 robe (lightly wounded, fast, poisoned) Poisonous vapours appear!
Dowan is engulfed in poison gas.
Dowan looks even sicker.
Casting: Poisonous Vapours (safe; 1% risk of failure)
Confirm with . or Enter, or press ? or * to list all spells.
Aiming: Dazzling Spray (safe; 3% risk of failure)
Press: ? - help, Shift-Dir - straight line, f/p - Dowan
Aim: Dowan, wielding a +0 dagger and wearing a +0 robe (moderately wounded, fast, poisoned)
The spray of energy hits Dowan.
Dowan is heavily wounded.
Dowan is dazzled.
Dowan gestures at you while chanting. The stone arrow hits you!
You take 9 damage.
Casting: Dazzling Spray (safe; 3% risk of failure)
Confirm with . or Enter, or press ? or * to list all spells.
Aiming: Dazzling Spray (safe; 3% risk of failure)
Press: ? - help, Shift-Dir - straight line, f/p - Dowan
Aim: Dowan, wielding a +0 dagger and wearing a +0 robe (heavily wounded, fast, poisoned, blind)
The spray of energy misses Dowan.
Dowan gestures at you while chanting. The shard of ice hits you!
You take 10 damage.
What are your orders? t - Shout!
Orders for allies: a - Attack new target. p - Attack previous target. r - Retreat! s - Stop attacking. g - Guard the area. f - Follow me.
Anything else - Cancel.
Gang up on whom?
Press: ? - help, Dir - move target cursor, f/p - Dowan
Aim: Dowan, wielding a +0 dagger and wearing a +0 robe (heavily wounded, fast, poisoned, blind) Attack!
Dowan points at you and mumbles some strange words.
The shard of ice misses you.
Your ice beast completely misses Dowan.
Casting: Dazzling Spray (safe; 3% risk of failure)
Confirm with . or Enter, or press ? or * to list all spells.
Aiming: Poisonous Vapours (safe; 1% risk of failure)
Press: ? - help, Dir - move target cursor, f/p - Dowan
Aim: Dowan, wielding a +0 dagger and wearing a +0 robe (heavily wounded, fast, poisoned, blind) Poisonous vapours appear!
Dowan is engulfed in poison gas.
Dowan looks even sicker.
A shadow imp comes into view.
Your ice beast closely misses Dowan.
Dowan is no longer blind.
Dowan mumbles some strange words.
Dowan blinks!
Dowan hits your ice beast with a +0 dagger.
Your ice beast hits Dowan.
Your ice beast freezes Dowan!
Dowan dies!
Lugonu accepts your kill.
Your Fighting skill increases to level 2!
Found a stone staircase leading down.
The shadow imp misses you.
You see here a whip.
You swap places.
The shadow imp hits you.
You take 2 damage.
You hit the shadow imp. Your headbutt misses the shadow imp.
The shadow imp is lightly wounded.
The shadow imp barely misses you.
You barely miss the shadow imp.
You bite the shadow imp, but do no damage.
The shadow imp is lightly wounded.
Your ice beast hits the shadow imp.
Your ice beast freezes the shadow imp.
The shadow imp resists.
Your ice beast hits the shadow imp.
Your ice beast freezes the shadow imp.
The shadow imp resists.
The shadow imp hits you.
You take 1 damage.
You closely miss the shadow imp. You headbutt the shadow imp.
You kill the shadow imp!
Lugonu accepts your kill. (m)acro, (M)acro raw, keymap [(k) default, (x) level-map, (t)argeting, (c)onfirm, m(e)nu], (s)ave?
Input macro trigger key: 4 Current Action: zo Do you wish to (r)edefine, (c)lear, or (a)bort?
Input macro action: zu Created macro '4' => 'zu'.
Okay, then.
Eating one of 2 chunks of flesh.
You eat one of the 2 chunks of flesh.
This raw flesh tastes terrible.
Your ice beast disappears in a puff of smoke!
Your ice beast disappears in a puff of smoke!
A centaur warrior zombie comes into view.
You see here a whip.
You start resting.
The centaur warrior zombie is too close now for your liking.
Casting: Poisonous Vapours (safe; 1% risk of failure)
Confirm with . or Enter, or press ? or * to list all spells.
A chill wind blows around you.
A worker ant comes into view.
You hit the centaur warrior zombie.
You headbutt the centaur warrior zombie!
The centaur warrior zombie is lightly damaged.
The centaur warrior zombie hits you.
Your ice beast hits the centaur warrior zombie.
Your ice beast freezes the centaur warrior zombie.
The centaur warrior zombie resists.
You take 2 damage.
You hit the centaur warrior zombie.
You headbutt the centaur warrior zombie.
The centaur warrior zombie is moderately damaged.
The worker ant twitches its antennae in your direction.
The centaur warrior zombie hits you.
Your ice beast hits the centaur warrior zombie.
Your ice beast freezes the centaur warrior zombie.
The centaur warrior zombie resists.
You take 2 damage.
You barely miss the centaur warrior zombie.
The centaur warrior zombie is moderately damaged.
The centaur warrior zombie hits you.
Your ice beast hits the centaur warrior zombie.
Your ice beast freezes the centaur warrior zombie.
The centaur warrior zombie resists.
The centaur warrior zombie hits you.
You take 2 damage.
You hit the centaur warrior zombie.
The centaur warrior zombie is moderately damaged.
The centaur warrior zombie hits you!
Your ice beast barely misses the centaur warrior zombie.
You take 7 damage.
You sock the centaur warrior zombie!
You headbutt the centaur warrior zombie, but do no damage.
The centaur warrior zombie is heavily damaged.
The centaur warrior zombie barely misses you.
Your ice beast hits the centaur warrior zombie.
Your ice beast freezes the centaur warrior zombie.
The centaur warrior zombie resists.
The centaur warrior zombie hits you.
You take 2 damage.
Casting: Summon Ice Beast (safe; 12% risk of failure)
Confirm with . or Enter, or press ? or * to list all spells.
Aiming: Poisonous Vapours (safe; 1% risk of failure)
Press: ? - help, Dir - move target cursor, f - worker ant
Aim: a worker ant Poisonous vapours appear!
The worker ant is engulfed in poison gas.
The worker ant is poisoned.
Your ice beast hits the centaur warrior zombie.
Your ice beast freezes the centaur warrior zombie.
The centaur warrior zombie resists.
The centaur warrior zombie misses you.
You closely miss the worker ant.
The worker ant is heavily wounded.
The worker ant misses you. The centaur warrior zombie hits you.
Your ice beast hits the centaur warrior zombie.
Your ice beast freezes the centaur warrior zombie.
The centaur warrior zombie resists.
The worker ant bites you.
You take 8 damage.
You barely miss the worker ant.
The worker ant is heavily wounded.
The centaur warrior zombie hits you.
* * * LOW HITPOINT WARNING * * *
Your ice beast hits the centaur warrior zombie but does no damage.
The centaur warrior zombie closely misses you.
The worker ant barely misses you.
You take 4 damage.
Your ice beast hits the centaur warrior zombie.
Your ice beast freezes the centaur warrior zombie.
The centaur warrior zombie resists.
The centaur warrior zombie closely misses you.
The worker ant bites your ice beast. The centaur warrior zombie hits you.
* * * LOW HITPOINT WARNING * * *
You take 2 damage.
Casting: Poisonous Vapours (safe; 1% risk of failure)
Confirm with . or Enter, or press ? or * to list all spells.
You miscast Summon Ice Beast.
You are very lightly contaminated with residual magic.
Your claws feel numb with cold.
Your ice beast hits the centaur warrior zombie but does no damage.
The worker ant barely misses your ice beast.
The centaur warrior zombie hits you.
* * * LOW HITPOINT WARNING * * *
You take 4 damage.
The worker ant bites your ice beast but does no damage.
Your ice beast hits the centaur warrior zombie.
Your ice beast freezes the centaur warrior zombie.
The centaur warrior zombie resists.
The centaur warrior zombie barely misses your ice beast.
The worker ant bites your ice beast.
All of the chunks of flesh in your inventory have rotted away.
Casting: Summon Ice Beast (safe; 12% risk of failure)
Confirm with . or Enter, or press ? or * to list all spells.
A chill wind blows around you.
You kill the worker ant!
Lugonu accepts your kill.
The centaur warrior zombie hits your ice beast.
Your ice beast hits the centaur warrior zombie.
Your ice beast freezes the centaur warrior zombie.
The centaur warrior zombie resists.
The centaur warrior zombie hits your ice beast but does no damage.
Your ice beast hits the centaur warrior zombie but does no damage.
The centaur warrior zombie hits your ice beast but does no damage.
Your ice beast hits the centaur warrior zombie.
Your ice beast freezes the centaur warrior zombie.
The centaur warrior zombie resists.
Your ice beast hits the centaur warrior zombie.
Your ice beast freezes the centaur warrior zombie.
The centaur warrior zombie resists.
The centaur warrior zombie hits your ice beast but does no damage.
Your ice beast hits the centaur warrior zombie.
Your ice beast freezes the centaur warrior zombie.
The centaur warrior zombie resists.
Something closely misses your ice beast.
Your ice beast completely misses the centaur warrior zombie.
Your ice beast hits the centaur warrior zombie but does no damage.
The centaur warrior zombie barely misses your ice beast.
The centaur warrior zombie hits your ice beast but does no damage.
Your ice beast hits the centaur warrior zombie.
Your ice beast freezes the centaur warrior zombie.
The centaur warrior zombie resists.
The centaur warrior zombie is destroyed!
Lugonu accepts your kill.
You start resting.
Your ice beast disappears in a puff of smoke!
Your magical contamination has completely faded away.
w - a wand of digging (10)
Things that are here:
a +1 rapier of speed; a +0 leather armour You are feeling hungry.
You start resting.
Your ice beast disappears in a puff of smoke!
Magic restored.
You are feeling very hungry.
You eat one of the 11 rations {!d}.
That ration really hit the spot!
You start resting.
HP restored.
Search for what [Enter for "mace", or ? for help]? mace
Okay, then.
Things that are here:
a +0 dagger; a +0 robe A kobold comes into view.
It is wielding a +0 club.
The kobold shouts!
A kobold comes into view.
A big kobold comes into view. It is wielding a +0 short sword.
Found a stone staircase leading up.
Casting: Summon Ice Beast (safe; 12% risk of failure)
Confirm with . or Enter, or press ? or * to list all spells.
Aiming: Poisonous Vapours (safe; 1% risk of failure)
Press: ? - help, Dir - move target cursor, f - big kobold
Aim: a big kobold, wielding a +0 short sword (hasn't noticed you) Poisonous vapours appear!
The big kobold shouts!
The kobold shouts!
The big kobold is engulfed in poison gas.
The big kobold is poisoned.
The big kobold throws a stone.
The stone hits you but does no damage.
The kobold throws a stone.
The stone hits you but does no damage.
Casting: Poisonous Vapours (safe; 1% risk of failure)
Confirm with . or Enter, or press ? or * to list all spells.
A chill wind blows around you.
The big kobold is engulfed in poison gas.
The big kobold looks even sicker.
Casting: Summon Ice Beast (safe; 12% risk of failure)
Confirm with . or Enter, or press ? or * to list all spells.
A chill wind blows around you.
Your ice beast barely misses the kobold.
You closely miss the kobold. Your bite misses the kobold.
The kobold closely misses you.
Your ice beast hits the kobold.
Your ice beast freezes the kobold!
The kobold dies!
Lugonu accepts your kill.
You closely miss the big kobold. Your headbutt misses the big kobold.
The big kobold is severely wounded.
The kobold hits your ice beast but does no damage.
The big kobold hits you but does no damage.
Your ice beast hits the kobold.
Your ice beast freezes the kobold.
The kobold dies!
Lugonu accepts your kill.
You barely miss the big kobold.
You headbutt the big kobold, but do no damage.
You bite the big kobold, but do no damage.
The big kobold is severely wounded.
The big kobold hits you with a +0 short sword.
Your ice beast barely misses the big kobold.
You take 2 damage.
You completely miss the big kobold. Your headbutt misses the big kobold.
The big kobold is almost dead.
The big kobold hits you with a +0 short sword.
Your ice beast hits the big kobold.
Your ice beast freezes the big kobold!
The big kobold dies!
Lugonu accepts your kill.
You take 1 damage.
Your ice beast disappears in a puff of smoke!
Your ice beast disappears in a puff of smoke!
Magic restored.
Found 185 sling bullets.
Items here: )) †† a +0 short sword; a +0 club; a big kobold corpse; a kobold corpse
x - 437 stones (gained 4)
You see here a kobold corpse.
You now have 330 gold pieces (gained 4).
Found a hazy altar of Hepliaklqana.
i - 2 fuming green potions (gained 1)
An orc warrior comes into view. It is wielding a +0 hand axe.
The orc warrior shouts!
An orc comes into view.
You see here 185 sling bullets.
The orc shouts!
You hear a shout! x2
A centaur skeleton comes into view.
An orc priest comes into view. It is wielding a +0 short sword.
You hear a shout!
Casting: Summon Ice Beast (safe; 11% risk of failure)
Confirm with . or Enter, or press ? or * to list all spells.
Aiming: Poisonous Vapours (safe; 1% risk of failure)
Press: ? - help, Dir - move target cursor, f - orc priest
Aim: an orc priest, wielding a +0 short sword and wearing a +0 chain mail Poisonous vapours appear!
You hear a shout!
The orc priest is engulfed in poison gas.
The orc priest is poisoned.
An orc wizard comes into view. It is wielding a +0 dagger.
Casting: Poisonous Vapours (safe; 1% risk of failure)
Confirm with . or Enter, or press ? or * to list all spells.
Aiming: Poisonous Vapours (safe; 1% risk of failure)
Press: ? - help, Dir - move target cursor, f - orc warrior, p - orc priest
Aim: an orc warrior, wielding a +0 hand axe and wearing a +0 plate armour Poisonous vapours appear!
The orc warrior is engulfed in poison gas.
The orc warrior is poisoned.
An orc warrior comes into view. It is wielding a +0 scimitar.
Casting: Poisonous Vapours (safe; 1% risk of failure)
Confirm with . or Enter, or press ? or * to list all spells.
Aiming: Poisonous Vapours (safe; 1% risk of failure)
Press: ? - help, Dir - move target cursor, f - orc warrior, p - orc warrior
Aim: an orc warrior, wielding a +0 scimitar and wearing a +0 plate armour (hasn't noticed you) Poisonous vapours appear!
The orc warrior shouts!
You hear a shout! x2
The orc warrior is engulfed in poison gas.
The orc warrior looks even sicker.
The orc warrior is engulfed in poison gas.
The orc warrior is poisoned.
An orc warrior comes into view. It is wielding a +0 mace.
Casting: Poisonous Vapours (safe; 1% risk of failure)
Confirm with . or Enter, or press ? or * to list all spells.
Aiming: Poisonous Vapours (safe; 1% risk of failure)
Press: ? - help, Dir - move target cursor, f - orc warrior, p - orc warrior
Aim: an orc warrior, wielding a +0 mace and wearing a +0 plate armour (hasn't noticed you) Poisonous vapours appear!
The orc warrior shouts!
An orc comes into view. It is wielding a +0 hand axe.
The orc warrior is engulfed in poison gas.
The orc warrior is poisoned.
Evoke which item? (* to show all) (? for menu, Esc to quit)
Okay, then.
An orc warrior comes into view. It is wielding a +0 long sword.
The orc misses you.
An orc wizard comes into view. It is wielding a +0 dagger.
You see here 185 sling bullets.
The orc wizard shouts!
You hit the orc but do no damage. You bite the orc.
The orc is lightly wounded.
You hear a shout!
The orc priest calls upon Beogh to heal the orc warrior.
The orc warrior is healed somewhat.
An orc wizard comes into view. It is wielding a +0 dagger.
An orc comes into view. It is wielding a +0 hand axe.
Evoke which item? (* to show all) (? for menu, Esc to quit)
Aiming: Enslavement
Press: ? - help, Shift-Dir - straight line, f - orc warrior
Aim: an orc warrior, wielding a +0 hand axe and wearing a +0 plate armour (heavily wounded, poisoned, chance to defeat MR: 46%)
The orc warrior resists with some effort.
The orc misses you.
The orc wizard looks braver for a moment.
The orc priest calls upon Beogh to heal something.
The orc warrior hits you with a +0 hand axe.
You take 3 damage.
You hit the orc.
You kill the orc!
Lugonu accepts your kill.
You hit the orc warrior. Your bite misses the orc warrior.
The orc warrior is almost dead.
The orc warrior barely misses you.
You hit the orc warrior.
The orc warrior is almost dead.
The orc warrior hits you with a +0 hand axe!
The orc priest calls down the wrath of Beogh upon you.
Beogh smites you!
You take 23 damage.
You hit the orc warrior but do no damage.
You headbutt the orc warrior, but do no damage.
The orc warrior is almost dead.
You kill the orc warrior!
Lugonu accepts your kill.
You can now banish your foes.
Your Fighting skill increases to level 3!
Space bends sharply around you!
You blink.
You take 2 damage.
Casting: Poisonous Vapours (safe; 1% risk of failure)
Confirm with . or Enter, or press ? or * to list all spells.
Aiming: Poisonous Vapours (safe; 1% risk of failure)
Press: ? - help, Dir - move target cursor, f - orc priest
Aim: an orc priest, wielding a +0 short sword and wearing a +0 chain mail (heavily wounded) Poisonous vapours appear!
The orc priest is engulfed in poison gas.
The orc priest is poisoned.
Casting: Poisonous Vapours (safe; 1% risk of failure)
Confirm with . or Enter, or press ? or * to list all spells.
Aiming: Poisonous Vapours (safe; 1% risk of failure)
Press: ? - help, Dir - move target cursor, f - orc warrior, p - orc priest
Aim: an orc warrior, wielding a +0 scimitar and wearing a +0 plate armour (lightly wounded) Poisonous vapours appear!
The orc warrior is engulfed in poison gas.
The orc warrior is poisoned. x2
Casting: Poisonous Vapours (safe; 1% risk of failure)
Confirm with . or Enter, or press ? or * to list all spells.
Aiming: Poisonous Vapours (safe; 1% risk of failure)
Press: ? - help, Dir - move target cursor, f - orc warrior, p - orc warrior
Aim: an orc warrior, wielding a +0 mace and wearing a +0 plate armour (moderately wounded) Poisonous vapours appear!
The orc warrior is engulfed in poison gas.
The orc warrior is poisoned.
The orc wizard looks encouraged for a moment.
Casting: Poisonous Vapours (safe; 1% risk of failure)
Confirm with . or Enter, or press ? or * to list all spells.
Aiming: Dazzling Spray (safe; 3% risk of failure)
Press: ? - help, Shift-Dir - straight line, f - orc warrior
Aim: an orc warrior, wielding a +0 long sword and wearing a +0 plate armour (lightly wounded, poisoned)
The spray of energy hits the orc warrior.
The orc warrior is lightly wounded.
The orc warrior is dazzled.
The spray of energy hits the orc warrior.
The orc warrior is moderately wounded.
The orc warrior is dazzled.
Casting: Dazzling Spray (safe; 3% risk of failure)
Confirm with . or Enter, or press ? or * to list all spells.
Aiming: Poisonous Vapours (safe; 1% risk of failure)
Press: ? - help, Dir - move target cursor, f - orc priest, p - orc warrior
Aim: an orc priest, wielding a +0 short sword and wearing a +0 chain mail (almost dead) Poisonous vapours appear!
The orc warrior looks more healthy.
The orc priest is engulfed in poison gas.
The orc priest is poisoned.
You kill the orc priest!
Lugonu accepts your kill.
Casting: Poisonous Vapours (safe; 1% risk of failure)
Confirm with . or Enter, or press ? or * to list all spells.
Aiming: Dazzling Spray (safe; 3% risk of failure)
Press: ? - help, Shift-Dir - straight line, f - orc warrior
Aim: an orc warrior, wielding a +0 long sword and wearing a +0 plate armour (moderately wounded, blind)
The spray of energy hits the orc warrior.
The orc warrior is moderately wounded.
The spray of energy hits the orc warrior.
The orc warrior is severely wounded.
The orc warrior is dazzled.
The orc warrior looks more healthy.
The orc warrior barely misses you.
You closely miss the orc warrior. Your bite misses the orc warrior.
The orc warrior is moderately wounded.
The orc warrior looks more healthy.
The orc warrior is no longer blind.
The orc warrior hits you with a cursed +0 long sword!!
The orc warrior closely misses you.
The orc wizard casts a spell.
The orc wizard seems to speed up.
You take 23 damage.
The orc wizard casts a spell.
The orc wizard blinks!
The orc warrior hits you with a +0 mace!!
You die...

####### #.....#
#.....# #.....#
.....###########
#....<........# #
#.........#.#.# #
#......)..o_..#
######.....o..o#@#
.....)†.#..###oo.#
...##......# #####
....###..o.##
.....#....o.#
............#
.)♣......)o.#
.....#####o.#
##.##....##.#


You could see 3 orc warriors.

Vanquished Creatures
  A hippogriff (D:5)
  4 yaks (D:5)
  Duvessa (D:6)
  2 orc warriors
  An ogre (D:4)
  A crimson imp (D:5)
  A bullfrog zombie (D:6)
  A hound (D:4)
  2 orc priests
  An iguana (D:5)
  Jessica (D:2)
  Terence (D:3)
  9 worker ants
  3 orc wizards
  6 adders
  4 gnolls (D:5)
  2 shadow imps
  3 adder skeletons
  4 worms
  A dart slug (D:3)
  8 leopard geckos
  14 orcs
  5 giant cockroaches
  4 goblins
  5 hobgoblins
  3 jackals (D:5)
  2 quokkas
  6 bats
  4 frilled lizards
  8 kobolds
  5 rats
113 creatures vanquished.

Vanquished Creatures (collateral kills)
  A centaur zombie (D:6)
  A yak (D:5)
  A big kobold (D:6)
  Dowan (D:6)
  An adder (D:5)
  2 kobolds (D:6)
7 creatures vanquished.

Vanquished Creatures (others)
  A leopard gecko (D:6)
1 creature vanquished.

Grand Total: 121 creatures vanquished

Notes
Turn   | Place    | Note
-------+----------+-------------------------------------------
     0 | D:1      | Raine357 the Oni Venom Mage began the quest for the Orb.
     0 | D:1      | Reached XP level 1. HP: 14/14 MP: 4/4
   145 | D:1      | Reached skill level 1 in Fighting
   145 | D:1      | Reached XP level 2. HP: 23/23 MP: 3/6
   149 | D:1      | Learned a level 2 spell: Poisonous Vapours
   844 | D:2      | Reached skill level 1 in Maces & Flails
   844 | D:2      | Reached XP level 3. HP: 24/28 MP: 3/7
  1410 | D:2      | Found a faded altar of an unknown god.
  1695 | D:2      | Noticed Jessica
  1703 | D:2      | Killed Jessica
  1703 | D:2      | Reached XP level 4. HP: 14/35 MP: 3/9
  2387 | D:3      | Noticed Terence
  2402 | D:3      | Killed Terence
  2539 | D:3      | Reached XP level 5. HP: 31/40 MP: 5/11
  2758 | D:3      | Found a blossoming altar of Fedhas.
  3813 | D:4      | Reached XP level 6. HP: 42/47 MP: 8/13
  3895 | D:4      | Noticed an orc warrior
  3910 | D:4      | Killed an orc warrior
  4183 | D:4      | Reached XP level 7. HP: 52/52 MP: 10/15
  4193 | D:4      | Learned a level 3 spell: Dazzling Spray
  4598 | D:4      | Found a hide-covered altar of Uskayaw.
  4873 | D:4      | Found a shattered altar of Ashenzari.
  5466 | D:5      | Entered Level 5 of the Dungeon
  5989 | D:5      | Found a staircase to the Ecumenical Temple.
  6053 | Temple   | Entered the Ecumenical Temple
  6284 | Temple   | Became a worshipper of Lugonu the Unformed
  6347 | D:5      | Noticed a hippogriff
  6355 | D:5      | Killed a hippogriff
  6355 | D:5      | Reached skill level 5 in Maces & Flails
  6355 | D:5      | Reached skill level 5 in Spellcasting
  6355 | D:5      | Reached XP level 8. HP: 39/59 MP: 1/17
  6361 | D:5      | Learned a level 4 spell: Summon Ice Beast
  6593 | D:5      | Found a radiant altar of Vehumet.
  6638 | D:5      | Noticed a yak
  6638 | D:5      | Noticed a yak
  6638 | D:5      | Noticed a yak
  6638 | D:5      | Noticed a yak
  6639 | D:5      | Noticed a yak
  6653 | D:5      | Killed a yak
  6653 | D:5      | Reached skill level 1 in Invocations
  6656 | D:5      | Killed a yak
  6659 | D:5      | Killed a yak
  6667 | D:5      | Killed a yak
  6690 | D:5      | HP: 13/59 [yak (11)]
  6691 | D:5      | Killed a yak
  7336 | D:5      | Found a burning altar of Makhleb.
  7336 | D:5      | Noticed a green death
  7382 | D:6      | Noticed Duvessa
  7386 | D:6      | Noticed Dowan
  7392 | D:6      | Killed Duvessa
  7392 | D:6      | Reached skill level 5 in Invocations
  7392 | D:6      | Reached XP level 9. HP: 61/67 MP: 14/20
  7407 | D:6      | Killed Dowan
  7512 | D:6      | HP: 13/67 [centaur warrior zombie (4)]
  7810 | D:6      | Found a hazy altar of Hepliaklqana.
  7833 | D:6      | Reached ** piety under Lugonu
  7848 | D:6      | Slain by an orc warrior

Skill      XL: |  1  2  3  4  5  6  7  8  9 |
---------------+----------------------------+-----
Fighting       | 1 3 |  3.0
Maces & Flails | 1 2 3 5 6 |  6.1
Spellcasting   | 2 3 4 5 6 |  6.3
Invocations    | 5 |  5.9
Dodging        | |  1.7
Stealth        | |  1.7
Conjurations   | |  6.3
Hexes          | |  6.3
Charms         | |  6.3
Summonings     | |  6.3
Necromancy     | |  6.3
Translocations | |  6.3
Transmutations | |  6.3
Fire Magic     | |  6.3
Ice Magic      | |  6.3
Air Magic      | |  6.3
Earth Magic    | |  6.3
Poison Magic   | |  6.3

Action                   |  1- 3 |  4- 6 |  7- 9 || total
-------------------------+-------+-------+-------++-------
Melee: Dagger            |     3 |       |       ||     3
       Mace              |     7 |       |       ||     7
       Headbutt          |     2 |     7 |    17 ||    26
       Whip              |     7 |    61 |    19 ||    87
       Bite              |       |     4 |    11 ||    15
       Flail             |       |       |   105 ||   105
Throw: Stone             |       |       |     2 ||     2
 Cast: Sting             |    54 |    41 |     9 ||   104
       Poisonous Vapours |     4 |    32 |    58 ||    94
       Dazzling Spray    |       |       |    19 ||    19
       Summon Ice Beast  |       |       |     6 ||     6
Invok: Bend Space        |       |       |     1 ||     1
Evoke: Wand              |       |       |     6 ||     6
  Use: Scroll            |       |       |     9 ||     9
 Stab: Invisible         |       |       |     1 ||     1
  Eat: Chunk             |     4 |     3 |     5 ||    12
       Ration            |       |     2 |     3 ||     5
Armor: Animal skin       |     2 |     4 |       ||     6
       Ring mail         |       |    12 |    36 ||    48
       Leather armour    |       |       |     7 ||     7
Dodge: Dodged            |     7 |    41 |    96 ||   144

Table legend:
 A = Turns spent in this place as a percentage of turns spent in the entire game.
 B = Non-inter-level travel turns spent in this place as a percentage of non-inter-level travel turns spent in the entire game.
 C = Inter-level travel turns spent in this place as a percentage of turns spent in this place.
 D = Turns resting spent in this place as a percentage of non-inter-level travel turns spent in this place.
 E = Turns spent auto-exploring this place as a percentage of non-inter-level travel turns spent in this place.
 F = Non-inter-level travel turns spent in this place divided by the number of levels of this place that you've seen.
                   A       B       C       D       E      F
               +-------+-------+-------+-------+-------+----------------------
         Total | 100.0 | 100.0 |   4.2 |  16.3 |  67.8 | 1074.4
       Dungeon |  96.7 |  97.1 |   3.7 |  16.8 |  66.9 | 1217.5
        Temple |   3.3 |   2.9 |  16.6 |   0.0 |  98.6 | 216.0
               +-------+-------+-------+-------+-------+----------------------

Table legend:
 A = Kills in this place as a percentage of kills in entire the game.
 B = Kills by you in this place as a percentage of kills by you in the entire game.
 C = Kills by friends in this place as a percentage of kills by friends in the entire game.
 D = Other kills in this place as a percentage of other kills in the entire game.
 E = Experience gained in this place as a percentage of experience gained in the entire game.
 F = Experience gained in this place divided by the number of levels of this place that you have seen.
                   A       B       C       D       E      F
               +-------+-------+-------+-------+-------+----------------------
         Total | 100.0 | 100.0 | 100.0 |   N/A | 100.0 | 459.4
       Dungeon | 100.0 | 100.0 | 100.0 |   N/A | 100.0 | 536.0
               +-------+-------+-------+-------+-------+----------------------
